 Dungeon Crawl Stone Soup version 0.24-a0-132-ge4b1dce (console) character file.

Game seed: 10456067417157413202

58 Duffy the Chopper (level 4, -2/39 HPs)
             Began as a Naga Gladiator on Feb 27, 2019.
             Slain by a gnoll
             ... wielding a +1 halberd of flaming
              (13 damage)
             ... on level 2 of the Dungeon.
             The game lasted 00:00:54 (1424 turns).

Duffy the Chopper (Naga Gladiator)                  Turns: 1424, Time: 00:00:55

Health: -2/39      AC:  9    Str: 16    XL:     4   Next: 1%
Magic:  4/4        EV: -1    Int:  9    God:
Gold:   51         SH:  0    Dex: 13    Spells: 3/3 levels left

rFire    . . .     SeeInvis +   a - +0 war axe
rCold    . . .     Gourm    .   (no shield)
rNeg     . . .     Faith    .   s - +0 crystal plate armour
rPois    +         Spirit   .   c - +0 helmet
rElec    .         Reflect  .   (no cloak)
rCorr    .         Harm     .   (no gloves)
MR       .....                  (no barding)
Stlth    ..........             (no amulet)
HPRegen  0.13/turn              j - ring of poison resistance
MPRegen  0.09/turn              (no ring)

@: short of breath, very slow
A: large, see invisible, deformed body, poison resistance, slowness 2, slow
metabolism 1, spit poison 1, AC +1
a: Spit Poison


You were on level 2 of the Dungeon.
You were very hungry.

You visited 1 branch of the dungeon, and saw 2 of its levels.

You collected 51 gold pieces.

Inventory:

Hand Weapons
 a - a +0 war axe (weapon)
Missiles
 d - 3 throwing nets (quivered)
Armour
 c - a +0 helmet (worn)
 s - a +0 crystal plate armour (worn)
Jewellery
 j - a ring of poison resistance (left hand)
Scrolls
 g - 4 scrolls of remove curse {unknown}
 i - 2 scrolls of identify {unknown}
 k - a scroll of immolation {unknown}
 l - a scroll of fog {unknown}
 p - 2 scrolls of enchant armour {unknown}
Potions
 b - a potion of berserk rage {unknown}
 e - 2 potions of heal wounds {unknown}
 h - a potion of lignification {unknown}
 m - a potion of haste {unknown}
 n - a potion of degeneration {unknown}
 o - 2 potions of flight {unknown}
 q - a potion of invisibility {unknown}
Comestibles
 f - 4 rations


   Skills:
 - Level 2.0 Fighting
 + Level 4.5 Axes
 - Level 1.7 Throwing
 + Level 0.9 Armour
 - Level 2.4 Dodging


You had 3 spell levels left.
You didn't know any spells.
Your spell library was empty.

Dungeon Overview and Level Annotations

Branches:
Dungeon (2/15)

Altars:
Okawaru


Innate Abilities, Weirdness & Mutations

You cannot wear boots.
Your serpentine skin is tough. (AC +1)
You have supernaturally acute eyesight. (SInv)
Armour fits poorly on your strangely shaped body.
Your system is resistant to poisons. (rPois)
You cover ground very slowly.
You have a slow metabolism.
You can spit poison.


Message History

The gnoll hits you from afar with a +0 halberd!
The gnoll hits you from afar with a +1 halberd of flaming.
The gnoll burns you. The gnoll hits you with a +0 halberd.
Your crystal plate armour prevents you from hitting the gnoll.
The gnoll is lightly wounded.
A gnoll comes into view.
The gnoll hits you from afar with a +1 halberd of flaming!
The gnoll burns you. The gnoll hits you but does no damage.
You are too injured to fight recklessly!
You are too injured to fight recklessly!
You are too injured to fight recklessly!
You are too injured to fight recklessly!
Your crystal plate armour prevents you from hitting the gnoll.
The gnoll is lightly wounded.
The gnoll hits you from afar with a +1 halberd of flaming.
The gnoll burns you. The gnoll hits you but does no damage.
You slash the gnoll!
The gnoll is almost dead.
The gnoll hits you from afar with a +1 halberd of flaming!
You die...

.# #.....# #.......#
.#################.###### #
.................#^# ##.#
################.#.###.....#
#....#.........#
#...##..##.....#
#..............#
..##...##..#......#
........@g.......#
..########g#.....# ..
#.....#...# . .....##..# .##
.....g ..... .. .....
..g...# # ..r>.........>
...........#### ............


You could see 2 gnolls.

Vanquished Creatures
  A gnoll (D:2)
  2 adders (D:2)
  An ooze (D:1)
  2 dart slugs (D:1)
  2 bats (D:1)
  2 giant cockroaches
  2 goblins (D:1)
  2 hobgoblins (D:1)
  2 jackals (D:1)
  4 frilled lizards
  A giant cockroach zombie (D:1)
  A kobold (D:2)
  A leopard gecko zombie (D:1)
  2 rats (D:1)
25 creatures vanquished.

Notes
Turn   | Place    | Note
-------+----------+-------------------------------------------
     0 | D:1      | Duffy the Naga Gladiator began the quest for the Orb.
     0 | D:1      | Reached XP level 1. HP: 19/19 MP: 1/1
   181 | D:1      | Reached XP level 2. HP: 19/26 MP: 2/2
   377 | D:1      | Reached skill level 4 in Axes
   417 | D:1      | Reached XP level 3. HP: 32/32 MP: 3/3
   941 | D:2      | Found an iron altar of Okawaru.
  1411 | D:2      | Reached XP level 4. HP: 39/39 MP: 4/4
  1424 | D:2      | Slain by a gnoll

Levels and vault maps discovered:
D:1:      saegor_arrival_fortress, layout_basic
D:2:      layout_basic, old_standard_altar, nicolae_ashenzari_panopticon

Skill      XL: |  1  2 |
---------------+-------+-----
Axes           | 4 |  4.5
Fighting       | |  2.0
Throwing       | |  1.7
Armour         | |  0.9
Dodging        | |  2.4

Action                   |  1- 3 |  4- 6 || total
-------------------------+-------+-------++-------
Melee: War axe           |    76 |     3 ||    79
 Abil: Spit Poison       |     1 |     1 ||     2
Armor: Leather armour    |    16 |       ||    16
       Crystal plate arm |    55 |     2 ||    57
Dodge: Dodged            |    30 |       ||    30

Table legend:
 A = Non-vault XP
 B = Vault XP
 C = Vault XP percentage of total XP
 D = Non-vault monster count
 E = Vault monster count
 F = Vault count percentage of total count
                 A         B        C        D         E       F
            +---------+---------+-------+---------+---------+-------
      Total |      81 |       2 |   2.4 |      23 |       2 |   8.0
            +---------+---------+-------+---------+---------+-------
        D:1 |      35 |       2 |   5.4 |      15 |       2 |  11.8
        D:2 |      46 |       0 |   0.0 |       8 |       0 |   0.0
            +---------+---------+-------+---------+---------+-------
